 Dungeon Crawl Stone Soup version 0.30-a0-696-g2367cd04db (webtiles) character file.

Game seed: 17095970789914409998

113 NalNutta the Chopper (level 4, -6/55 HPs)
             Began as a Demonspawn Berserker on Jan 20, 2023.
             Was a Follower of Trog.
             Mangled by an ogre
             ... wielding a +0 giant club
              (9 damage)
             ... on level 4 of the Dungeon.
             The game lasted 00:09:21 (883 turns).

NalNutta the Chopper (Demonspawn Berserker)          Turns: 883, Time: 00:09:22

Health: -6/55      AC:  5    Str: 20    XL:     4   Next: 65%
Magic:  4/4        EV: 13    Int:  8    God:    Trog [*.....]
Gold:   68         SH:  0    Dex: 12    Spells: 3/3 levels left

rFire   . . .      SeeInvis .    a - +0 hand axe
rCold   . . .      Faith    .    (no shield)
rNeg    . . .      Spirit   .    p - +0 ring mail
rPois   .          Reflect  .    (no helmet)
rElec   .          Harm     .    (no cloak)
rCorr   .          Rampage  .    (no gloves)
Will    .....                    (no boots) Stlth
                                 (no amulet)
HPRegen 0.29/turn                (no ring)
MPRegen 0.09/turn                (no ring)

@: mighty, berserking, very quick
A: repulsion field 1, powered by pain 1
a: Renounce Religion, Berserk


You were on level 4 of the Dungeon.
You worshipped Trog.
Trog was aware of your devotion.
You visited 1 branch of the dungeon, and saw 4 of its levels.

You collected 68 gold pieces.

Inventory:

Hand Weapons
 a - a +0 hand axe (weapon)
 d - a +0 longbow
Armour
 b - a +0 animal skin
 p - a +0 ring mail (worn)
Wands
 m - a wand of iceblast (9)
 o - a wand of mindburst (16)
Scrolls
 c - 3 scrolls of fog
 g - a scroll of fear {unknown}
 j - a scroll of blinking {unknown}
 k - a scroll of teleportation {unknown}
 l - a scroll of magic mapping {unknown}
 n - a scroll of noise {unknown}
Potions
 e - a potion of resistance {unknown}
 f - a potion of heal wounds {unknown}
 h - a potion of might {unknown}
 i - a potion of magic {unknown}


   Skills:
 + Level 3.7 Fighting
 + Level 3.9 Axes
 + Level 2.0 Armour
 + Level 2.5 Dodging
 + Level 0.3 Stealth


You had 3 spell levels left.
You didn't know any spells.
Your spell library was empty.

Dungeon Overview and Level Annotations

Branches:
Dungeon (4/15)
 Temple: D:4-7

Altars:


Innate Abilities, Weirdness & Mutations

You are surrounded by a mild repulsion field. (EV +2)
You sometimes gain a little power by taking damage.


Message History

The kobold is severely wounded.
You closely miss the goblin. You hit the ogre. The kobold barely misses you.
The goblin barely misses you.
The ogre hits you with a +0 giant club!!
Ouch! That really hurt!
* * * LOW HITPOINT WARNING * * *
You miss the kobold.
The kobold is severely wounded.
You hit the ogre. You miss the goblin. The kobold completely misses you.
The goblin hits you but does no damage.
You hit the kobold.
You kill the kobold!
Trog accepts your kill.
You hit the ogre. You hit the goblin.
You kill the goblin!
Trog accepts your kill. The ogre barely misses you.
Your Armour skill increases to level 2!
You hit the giant cockroach but do no damage.
You hit the ogre. The giant cockroach barely misses you.
The ogre hits you with a +0 giant club!
* * * LOW HITPOINT WARNING * * *
You focus on the pain.
You feel very mighty all of a sudden. The giant cockroach closely misses you.
A red film seems to cover your vision as you go berserk!
You feel yourself moving faster!
You feel mighty!
The giant cockroach bites you but does no damage.
You barely miss the giant cockroach.
The giant cockroach bites you but does no damage.
You closely miss the giant cockroach.
The giant cockroach completely misses you.
You hit the giant cockroach.
The giant cockroach is severely wounded.
The giant cockroach bites you but does no damage.
You slash the giant cockroach!
You kill the giant cockroach!
Trog accepts your kill. The ogre hits you with a +0 giant club!
You die...

##.# #.# #.#
#.#### #....#
####.# #.#
#.# #@# #O#
#...))......
#..........##
##..(...$#...
#......?# ##
..$......
...$#####.#
...#. .#


You could see an ogre.

Vanquished Creatures
  An ogre (D:4)
  2 worms
  An orc (D:4)
  2 endoplasms
  3 giant cockroaches
  4 goblins
  A jackal (D:2)
  4 kobolds
  A quokka (D:3)
  A ball python (D:4)
  3 bats
  A rat (D:2)
24 creatures vanquished.

Notes
Turn   | Place    | Note
-------+----------+-------------------------------------------
     0 | D:1      | NalNutta the Demonspawn Berserker began the quest for the
                  | Orb.
     0 | D:1      | Reached XP level 1. HP: 18/18 MP: 1/1
   201 | D:2      | Gained mutation: You are surrounded by a mild repulsion
                  | field. (EV +2) [demonic ancestry]
   201 | D:2      | Reached XP level 2. HP: 16/24 MP: 2/2
   671 | D:4      | Noticed an ogre
   681 | D:4      | Killed an ogre
   682 | D:4      | Gained mutation: You sometimes gain a little power by
                  | taking damage. [demonic ancestry]
   682 | D:4      | Reached XP level 3. HP: 16/29 MP: 3/3
   682 | D:4      | Reached XP level 4. HP: 20/36 MP: 4/4
   865 | D:4      | Noticed an ogre
   875 | D:4      | HP: 1/37 [ogre/+0 giant club (10)]
   883 | D:4      | Mangled by an ogre

Illustrated notes

Levels and vault maps discovered:
D:1:      minmay_arrival_split_and_join, layout_rooms,
          shapermc_ecumenical_altar_venn, hangedman_abyss_or_decor_stabs,
          grunt_decor_one_mirror
D:2:      layout_loops_ring, reono_crystal_passage, kennysheep_generic_room_7
D:3:      layout_basic
D:4:      layout_loops_ring

Skill      XL: |  1  2  3  4 |
---------------+-------------+-----
Axes           | 3 |  3.9
Dodging        | 2 |  2.5
Armour         | 2 |  2.0
Fighting       | |  3.7
Stealth        | |  0.3

Action                   |  1- 3 |  4- 6 || total
-------------------------+-------+-------++-------
Melee: Hand axe          |    59 |    32 ||    91
       Punch             |       |     1 ||     1
Invok: Berserk           |     3 |     2 ||     5
  Use: Scroll            |       |     1 ||     1
Armor: Animal skin       |     7 |     2 ||     9
       Ring mail         |       |     8 ||     8
Dodge: Dodged            |    47 |    21 ||    68

Table legend: (Time is in decaauts)
 A = Elapsed time spent in this place.
 B = Non-inter-level travel time spent in this place.
 C = Inter-level travel time spent in this place.
 D = Time resting spent in this place.
 E = Time spent auto-exploring this place.
 F = Levels seen in this place.
 G = Mean time per level.
                   A        B        C        D        E       F      G
               +--------+--------+--------+--------+--------+-----+--------+
         Total |    940 |    840 |    100 |      0 |      0 |   4 |  235.0 |
       Dungeon |    940 |    840 |    100 |      0 |      0 |   4 |  235.0 |
               +--------+--------+--------+--------+--------+-----+--------+

Top non-repeatable levels by time:
     D:2: 492 daAuts
     D:4: 270 daAuts
     D:3: 117 daAuts
     D:1: 59 daAuts
